 Seeded DCSS version 0.29.1-2-gbd0b4ee654 (webtiles) character file.

Game seed: 1123581321 (custom seed)

39 jamestheduck25 the Covered (level 3, -1/29 HPs)
             Began as a Human Fighter on Nov 15, 2022.
             Slain by an iron imp (5 damage)
             ... summoned by Natasha
             ... on level 2 of the Dungeon.
             The game lasted 00:01:38 (1394 turns).

jamestheduck25 the Covered (Human Fighter)          Turns: 1394, Time: 00:01:38

Health: -1/29      AC:  6    Str: 16    XL:     3   Next: 67%
Magic:  3/3        EV:  8    Int:  8    God:
Gold:   53         SH:  5    Dex: 14    Spells: 2/2 levels left

rFire   . . .      SeeInvis .   f - +1 dagger (venom)
rCold   . . .      Faith    .   b - +0 buckler
rNeg    . . .      Spirit   .   a - +0 scale mail
rPois   .          Reflect  .   (no helmet)
rElec   .          Harm     .   (no cloak)
rCorr   .          Rampage  .   (no gloves)
Will    .....                   (no boots)
Stlth   ..........              (no amulet)
HPRegen 0.09/turn               (no ring)
MPRegen 0.08/turn               (no ring)

@: lethally poisoned (-1 -> -4)
A: no striking features
a: no special abilities


You were on level 2 of the Dungeon.
You visited 1 branch of the dungeon, and saw 2 of its levels.

You collected 53 gold pieces.

Inventory:

Hand Weapons
 f - a +1 dagger of venom (weapon)
Armour
 a - a +0 scale mail (worn)
 b - a +0 buckler (worn)
 g - a +0 leather armour
Scrolls
 h - a scroll of identify {unknown}
 i - a scroll of magic mapping {unknown}
 j - a scroll of fear {unknown}
 k - a scroll of noise {unknown}
Potions
 c - a potion of might
 d - 3 potions of ambrosia {unknown}
 e - a potion of heal wounds {unknown}


   Skills:
 + Level 3.3 Fighting
 + Level 3.4 Armour
 + Level 3.3 Shields
 + Level 2.5 Unarmed Combat


You had 2 spell levels left.
You didn't know any spells.
Your spell library was empty.

Dungeon Overview and Level Annotations

Branches:
Dungeon (2/15)

Altars:

Annotations:
D:2 Natasha


Message History

Found a stone staircase leading down.
Natasha hisses angrily.
An adder comes into view.
There are monsters nearby!
There are monsters nearby!
You hit Natasha.
Natasha is poisoned.
Natasha is lightly wounded.
Natasha extends her claws.
Natasha casts a spell at you. The magic dart hits you!
There are monsters nearby!
You closely miss Natasha.
Natasha is moderately wounded.
Natasha casts a spell.
You barely miss Natasha.
Natasha is moderately wounded.
Natasha mumbles some strange words.
The adder barely misses you.
There are monsters nearby!
There are monsters nearby!
You closely miss Natasha.
Natasha is moderately wounded.
The adder bites you.
You are poisoned.
The adder poisons you! Natasha claws you. The crimson imp closely misses you.
You closely miss Natasha.
Natasha is heavily wounded.
You feel sick. The adder closely misses you. Natasha claws you.
The adder bites you but does no damage.
The crimson imp hits you but does no damage.
You barely miss Natasha.
Natasha is heavily wounded.
You feel sick. Natasha claws you but does no damage.
The adder bites you but does no damage. You block the crimson imp's attack.
You barely miss Natasha.
Natasha is heavily wounded.
You feel sick. You block the adder's attack. Natasha claws you.
* * * LOW HITPOINT WARNING * * *
The iron imp hits you.
You die...

#.# ########.#.####..
#.# #...#.....<......
#.# #...#.##..#####.
#.###...#...).....#
#.......#####.##.####
###...................#
.........######..#+##.#
.....###.# #........#
.....# #.# #.5@.....#
.....# #.# #.5hS....#
.....# #.# #......$.#
.....+ ..( +..........
.....# #.# #........##
.....+ #......>...
.....## #........##
....... #........#
#####...


You could see an iron imp (summoned), Natasha (poisoned), a crimson imp
(summoned) and an adder.

Vanquished Creatures
  A gnoll (D:1)
  An adder (D:2)
  A ball python (D:1)
  2 endoplasms (D:1)
  A giant cockroach (D:1)
  A goblin (D:1)
  A hobgoblin (D:1)
  2 jackals (D:1)
  3 kobolds
  2 quokkas (D:1)
  2 bats
  2 rats
19 creatures vanquished.

Notes
Turn   | Place    | Note
-------+----------+-------------------------------------------
     0 | D:1      | jamestheduck25 the Human Fighter began the quest for the
                  | Orb.
     0 | D:1      | Reached XP level 1. HP: 18/18 MP: 1/1
   443 | D:1      | Reached XP level 2. HP: 23/24 MP: 2/2
  1127 | D:1      | Reached XP level 3. HP: 26/29 MP: 3/3
  1385 | D:2      | Noticed Natasha
  1394 | D:2      | Slain by an iron imp

Illustrated notes

Levels and vault maps discovered:
D:1:      dpeg_arrival_castle, layout_basic
D:2:      layout_basic, uniq_natasha

Action                   || total
-------------------------++-------
Melee: Unarmed           ||    15
       Dagger            ||    73
Armor: Scale mail        ||    45
Dodge: Dodged            ||    38
Block: Buckler           ||    21
